AoeStats
← speed demon

Arabia

510149511Analyzed
2v2 RM · 1d ago on Sep 29, 2026· 61m 8s· 4 players
Game mode
Random Map
Map size
Medium (4 player)
Population
200
Speed
Normal
Resources
Standard
Victory
Conquest
Starting age
Dark Age
Ending age
Imperial Age
RankedLock teamsTeams togetherTeam positionsShared explorationLock speedFull tech treeHidden civsTurbo modeCheats
Victory
Defeat
🇬🇧 Saxons · United Kingdom
1291
+15
🇬🇧 Varangians · United Kingdom
1290
+15
🇮🇳 Romans · India
1280
-15
🇮🇳 Khmer · India
1279
-15
GRIM REAPER
9:06 Feudal Age
9:25 Loom
11:33 Man-at-Arms
13:11 Scale Mail Armor
15:08 Town Watch
16:43 Forging
19:33 Double-Bit Axe
25:46 Castle Age
25:49 Long Swordsman
26:31 Squires
41:08 Chain Mail Armor
53:43 Pikeman
57:26 Imperial Age
56:40 Murder Holes
58:14 Iron Casting
57:34 Legionary
60:06 Blast Furnace
speed demon
6:03 Loom
8:05 Feudal Age
20:34 Bloodlines
25:33 Castle Age
25:16 Forging
25:49 Light Cavalry
26:47 Scale Barding Armor
31:26 Husbandry
32:52 Chain Barding Armor
41:13 Iron Casting
48:37 Double-Bit Axe
dannyly2
6:00 Loom
8:27 Feudal Age
11:43 Bloodlines
15:28 Double-Bit Axe
19:05 Forging
23:32 Castle Age
22:09 Fletching
22:28 Gold Mining
24:41 Bow Saw
25:18 Crossbowman
26:01 Bodkin Arrow
28:16 Ballistics
35:05 Scale Barding Armor
37:30 Wheelbarrow
38:58 Husbandry
39:18 Horse Collar
43:45 Chain Barding Armor
51:45 Imperial Age
52:16 Iron Casting
51:49 Cavalier
53:29 Plate Barding Armor
53:31 Hand Cart
58:31 Blast Furnace
Johnifon
6:45 Loom
10:01 Feudal Age
11:05 Man-at-Arms
11:56 Double-Bit Axe
20:40 Castle Age
18:25 Horse Collar
20:06 Scale Mail Armor
20:45 Long Swordsman
24:28 Chain Mail Armor
24:32 Arson
27:42 Forging
31:57 Iron Casting
32:06 Gold Mining
34:55 Squires
37:42 Gambesons
50:20 Wheelbarrow
59:35 Imperial Age
59:14 Gold Shaft Mining
58:12 Crossbowman
59:20 Hand Cart
58:51 Town Watch
59:10 Heavy Plow
59:18 Fletching
59:30 Padded Archer Armor
59:49 Arbalester
60:36 Bodkin Arrow
60:56 Leather Archer Armor
61:13 Ballistics
Connection lost

Rejoining the realm…

Still unreachable

The connection could not be restored.

Session expired

The server has moved on; the page needs a fresh start.